 Dungeon Crawl Stone Soup version 0.31-a0-188-g5e087ee2ca (webtiles) character file.

Game seed: 13257687373197309650

161 qw the Skirmisher (level 5, 0/29 HPs)
             Began as a Deep Elf Hunter on June 23, 2023.
             Slain by a water moccasin (3 damage)
             ... on level 5 of the Dungeon.
             The game lasted 00:00:43 (1888 turns).

qw the Skirmisher (Deep Elf Hunter)                 Turns: 1888, Time: 00:00:43

Health: 0/29       AC:  7    Str: 10    XL:     5   Next: 18%
Magic:  7/7        EV: 12    Int: 14    God:
Gold:   109        SH:  0    Dex: 18    Spells: 4/4 levels left

rFire   + . .        Y - +0 shortbow
rCold   . . .        (shield currently unavailable)
rNeg    . . .        e - +2 leather armour {rF+}
rPois   .            j - +0 helmet
rElec   .            (no cloak)
rCorr   +            (no gloves)
SInv    .            d - +0 pair of boots
Will    .....        (no amulet)
Stlth   ++           n - ring of resist corrosion
HPRegen 0.24/turn    (no ring)
MPRegen 0.10/turn

%: no passive effects
@: lethally poisoned (0 -> -13)
A: no striking features
a: no special abilities


You were on level 5 of the Dungeon.
You visited 1 branch of the dungeon, and saw 5 of its levels.

You collected 109 gold pieces.


   Skills:
 - Level 1.5 Fighting
 + Level 8.6 Ranged Weapons
 - Level 2.4 Dodging
 - Level 1.2 Stealth


You had 4 spell levels left.
You didn't know any spells.
Your spell library was empty.

Inventory:

Hand Weapons
 Y - a +0 shortbow (weapon)
Armour
 a - a +0 ring mail
 d - a +0 pair of boots (worn)
 e - a +2 leather armour of fire resistance (worn)
 j - a +0 helmet (worn)
Jewellery
 n - a ring of resist corrosion (left hand)
Scrolls
 k - a scroll of identify
Potions
 b - a potion of enlightenment {unknown}
 c - a potion of berserk rage {unknown}
 f - a potion of brilliance {unknown}
 g - a potion of invisibility {unknown}
 i - a potion of might {unknown}

Dungeon Overview and Level Annotations

Branches:
Dungeon (6/15)
 Temple: D:4-7

Altars:
Fedhas


Message History

The arrow hits the water moccasin but does no damage.
The iguana bites you but does no damage.
You shoot an arrow. The arrow closely misses the iguana.
The arrow barely misses the water moccasin.
You shoot an arrow.
The arrow barely misses the water moccasin.
The arrow hits the iguana but does no damage.
The iguana is severely wounded.
The iguana hisses menacingly.
The water moccasin closely misses you.
You shoot an arrow. The arrow misses the water moccasin.
The arrow barely misses the iguana.
The water moccasin closely misses you.
You shoot an arrow.
The arrow barely misses the water moccasin.
The arrow hits the iguana but does no damage.
The iguana is severely wounded.
The water moccasin bites you.
You are poisoned.
The water moccasin poisons you!
You shoot an arrow. The arrow hits the water moccasin!
The water moccasin is moderately wounded.
You feel very sick. The water moccasin closely misses you.
The water moccasin bites you but does no damage.
You shoot an arrow. The arrow hits the water moccasin!
The water moccasin is severely wounded.
You feel very sick.
The water moccasin bites you but does no damage.
You shoot an arrow. The arrow hits the water moccasin.
The water moccasin is severely wounded.
You feel sick. The water moccasin closely misses you.
The water moccasin bites you.
You are lethally poisoned!
The water moccasin poisons you!
You shoot an arrow. The arrow hits the water moccasin!
The water moccasin is almost dead.
You feel very sick. The water moccasin bites you.
You die...

# #. ##.#
###...###
.....lS@#
###...#.#
#...
#.########
#.#
#........#
#
########.#
#.# #.#
#.#
#######.#


You could see a water moccasin and an iguana.

Vanquished Creatures
  A scorpion (D:5)
  5 adders
  2 worms (D:2)
  2 dart slugs
  4 bats
  4 endoplasms
  4 giant cockroaches
  5 goblins
  5 hobgoblins
  3 quokkas
  5 ball pythons
  A frilled lizard (D:1)
  2 kobolds (D:1)
  5 rats (D:1)
48 creatures vanquished.

Notes
Turn   | Place    | Note
-------+----------+-------------------------------------------
     0 | D:1      | qw the Deep Elf Hunter began the quest for the Orb.
     0 | D:1      | Reached XP level 1. HP: 12/12 MP: 3/3
     0 | D:1      | 0 ||| qw: Version: 0.3-a-9-g12657ce
     0 | D:1      | 0 ||| qw: Game counter: 4004
     0 | D:1      | 0 ||| qw: Always use a shield: true
     0 | D:1      | 0 ||| qw: God list: Okawaru
     0 | D:1      | 0 ||| qw: Allow faded altars: false
     0 | D:1      | 0 ||| qw: Do Orc after D:15 true
     0 | D:1      | 0 ||| qw: Do second Lair branch before Depths: true
     0 | D:1      | 0 ||| qw: Lair rune preference: random
     0 | D:1      | 0 ||| qw: Plans: Normal
     0 | D:1      | 0 ||| PLANNING D:1-11
   110 | D:1      | Reached XP level 2. HP: 16/16 MP: 4/4
   133 | D:1      | Reached skill level 6 in Ranged Weapons
   825 | D:1      | 825 ||| UPGRADING to +0 pair of boots.
   830 | D:1      | 830 ||| UPGRADING to +2 leather armour of fire resistance.
   840 | D:1      | 840 ||| DROPPING +0 leather armour.
   841 | D:1      | 841 ||| UPGRADING to +0 helmet.
   846 | D:1      | 846 ||| UPGRADING to ring of resist corrosion.
   847 | D:1      | 847 ||| READING scroll labelled XEOTEY VITERCH.
   879 | D:1      | 879 ||| READING scroll labelled QOAZXA DETO.
   880 | D:1      | 880 ||| READING 2 scrolls labelled AMMAMA PUPAB.
   881 | D:1      | 881 ||| READING scroll labelled PIYMEV BIDA.
   886 | D:1      | 886 ||| DROPPING scroll of butterflies.
   988 | D:2      | Reached XP level 3. HP: 20/20 MP: 5/5
   992 | D:2      | 992 ||| Stepping ~*~*~tactically~*~*~ (outnumbered).
  1043 | D:2      | Reached skill level 7 in Ranged Weapons
  1146 | D:2      | Reached XP level 4. HP: 25/25 MP: 6/6
  1632 | D:2      | 1632 ||| DROPPING +0 scale mail.
  1720 | D:3      | Found a blossoming altar of Fedhas.
  1811 | D:3      | Reached skill level 8 in Ranged Weapons
  1812 | D:3      | You fall into a shaft and drop 3 floors!
  1815 | D:5      | Entered Level 5 of the Dungeon
  1816 | D:5      | 1816 ||| PLANNING SEWER
  1836 | D:5      | Noticed a scorpion
  1844 | D:5      | Killed a scorpion
  1845 | D:5      | Reached XP level 5. HP: 29/29 MP: 7/7
  1875 | D:5      | Noticed a water moccasin
  1888 | D:5      | HP: 3/29 [poisoned by a water moccasin]
  1888 | D:5      | Slain by a water moccasin

Levels and vault maps discovered:
D:1:      mrwooster_arrival_statue_2, layout_loops_corners
D:2:      layout_basic, nicolae_titane
D:3:      kennysheep_the_goblin_king, layout_basic,
          ashenzari_conservatory_becter, mainiacjoe_overflow_alcove_4,
          mainiacjoe_overflow_paths, mainiacjoe_overflow_chevrons,
          minmay_pentomino_pile
D:5:      layout_loops_ring, nicolae_overflow_hidden_temple,
          portal_sewer_entry_f
D:6:      layout_basic, nemelex_diamond_rough_becter, lemuel_round_altar,
          cheibriados_altar_2, hellmonk_guarded_unrand_hermit

Skill      XL: |  1  2  3  4 |
---------------+-------------+-----
Ranged Weapons | 6 7 8 |  8.6
Fighting       | |  1.5
Dodging        | |  2.4
Stealth        | |  1.2

Action                     |  1- 3 |  4- 6 || total
---------------------------+-------+-------++-------
   Fire: Shortbow          |   100 |    75 ||   175
    Use: Scroll            |     4 |       ||     4
 Armour: Leather armour    |    22 |    28 ||    50
  Dodge: Dodged            |    29 |    22 ||    51

Table legend:
 A = Non-vault XP
 B = Vault XP
 C = Vault XP percentage of total XP
 D = Non-vault monster count
 E = Vault monster count
 F = Vault count percentage of total count
                 A         B        C        D         E       F
            +---------+---------+-------+---------+---------+-------
      Total |     230 |       0 |   0.0 |      48 |       0 |   0.0
            +---------+---------+-------+---------+---------+-------
        D:1 |      38 |       0 |   0.0 |      24 |       0 |   0.0
        D:2 |      91 |       0 |   0.0 |      19 |       0 |   0.0
        D:3 |      22 |       0 |   0.0 |       4 |       0 |   0.0
        D:5 |      79 |       0 |   0.0 |       1 |       0 |   0.0
            +---------+---------+-------+---------+---------+-------
